 Dungeon Sprint DCSS version 0.23.2-33-g5129a83184 (webtiles) character file.

Game seed: 3698878466814924833

300 t4s4d4r the Cleaver (level 6, -8/41 HPs)
             Began as a Gargoyle Fighter on July 28, 2019.
             Mangled by a slime creature (9 damage)
             ... in the Dungeon (Sprint I: "Red Sonja").
             The game lasted 00:01:07 (572 turns).

t4s4d4r the Cleaver (Gargoyle Fighter)               Turns: 572, Time: 00:01:08

Health: -8/41      AC: 11    Str: 21    XL:     6   Next: 36%
Magic:  6/6        EV:  7    Int:  9    God:
Gold:   182        SH: 10    Dex:  9    Spells: 5/5 levels left

rFire    . . .     SeeInvis .   a - +0 war axe
rCold    . . .     Gourm    .   c - +0 shield
rNeg     + . .     Faith    .   b - +0 scale mail
rPois    ∞         Spirit   .   (no helmet)
rElec    +         Reflect  .   (no cloak)
rCorr    .         Harm     .   (no gloves)
MR       .....     NoTele   +   (no boots)
Stlth    ..........             (no amulet)
HPRegen  0.13/turn              (no ring)
MPRegen  0.10/turn              (no ring)

@: no status effects
A: negative energy resistance 1, electricity resistance, unbreathing,
petrification resistance, rot immunity, AC +4
a: no special abilities


You were in the Dungeon.
You were not hungry.

You visited 1 branch You collected 182 gold pieces.

Inventory:

Hand Weapons
 a - a +0 war axe (weapon)
Missiles
 m - 20 stones (quivered)
Armour
 b - a +0 scale mail (worn)
 c - a +0 shield (worn)
Scrolls
 k - a scroll of blinking
Potions
 d - a potion of might
 e - a potion of curing
 g - a potion of heal wounds
 h - a potion of haste
 i - 2 potions of magic
 j - a potion of berserk rage
Comestibles
 f - a ration


   Skills:
 + Level 6.1 Fighting
 * Level 10.4 Axes
 - Level 3.2 Armour
 - Level 5.7 Shields


You had 5 spell levels left.
You didn't know any spells.
Your spell library was empty.

Dungeon Overview and Level Annotations

Branches:
Dungeon (1/1)

Altars:
Makhleb
Sif Muna
Vehumet
Wu Jian
Xom
Jiyva
Lugonu


Innate Abilities, Weirdness & Mutations

You are resistant to torment.
Your stone body is resilient. (AC +4)
You are immune to poison.
You resist negative energy. (rN+)
You are resistant to electric shocks. (rElec)
You can survive without breathing.
You are immune to petrification.
You are immune to rotting.


Message History

The slime creature barely misses you.
You completely miss the slime creature.
The slime creature is severely wounded.
The slime creature hits you but does no damage.
Unknown command.
You aren't carrying any items that you can evoke.
Unknown command.
You hit the slime creature.
The slime creature is severely wounded.
You block the slime creature's attack. The slime creature barely misses you.
There is an open door here.
You slash the slime creature!
The slime creature is almost dead.
The slime creature hits you.
* * * LOW HITPOINT WARNING * * *
You hit the slime creature.
The slime creature is almost dead.
The slime creature hits you!
You die...

################ ##
#<.#.)'..#..@J.#__#
#..'..#..').#..'^.+
#.)#####'#####+#__#
#..# #..# #.# ##
#..# #### ##.# #..#
#_.+ #⌠⌠# +..._#
#### #_.#+# ##+


You could see a slime creature.

Vanquished Creatures
  Sigmund (D)
  An ogre (D)
  A jelly (D)
  Ijyb (D)
4 creatures vanquished.

Vanquished Creatures (others)
  A gargoyle (D)
1 creature vanquished.

Grand Total: 5 creatures vanquished

Notes
Turn   | Place    | Note
-------+----------+-------------------------------------------
     0 | D        | t4s4d4r the Gargoyle Fighter began the quest for the Orb.
     0 | D        | Reached XP level 1. HP: 14/14 MP: 1/1
     2 | D        | Noticed Ijyb
    57 | D        | Killed Ijyb
    57 | D        | Reached skill level 5 in Axes
    57 | D        | Reached XP level 2. HP: 13/19 MP: 2/2
    57 | D        | Reached XP level 3. HP: 16/23 MP: 3/3
   134 | D        | Killed a gargoyle
   156 | D        | Noticed an ogre
   162 | D        | Killed an ogre
   162 | D        | Reached skill level 8 in Axes
   162 | D        | Reached XP level 4. HP: 15/28 MP: 4/4
   300 | D        | Noticed Sigmund
   319 | D        | Killed Sigmund
   319 | D        | Reached skill level 5 in Fighting
   319 | D        | Reached skill level 10 in Axes
   319 | D        | Reached skill level 5 in Shields
   319 | D        | Reached XP level 5. HP: 17/36 MP: 5/5
   319 | D        | Reached XP level 6. HP: 20/41 MP: 6/6
   491 | D        | Found an ornate altar of the Wu Jian Council.
   491 | D        | Found a deep blue altar of Sif Muna.
   493 | D        | Found a radiant altar of Vehumet.
   558 | D        | Found a burning altar of Makhleb.
   558 | D        | Found a viscous altar of Jiyva.
   558 | D        | Found a shimmering altar of Xom.
   558 | D        | Found a corrupted altar of Lugonu.
   558 | D        | Noticed a slime creature
   565 | D        | HP: 2/41 [slime creature (14)]
   571 | D        | HP: 1/41 [slime creature (2)]
   572 | D        | Mangled by a slime creature

Skill      XL: |  1  2  3  4  5  6 |
---------------+-------------------+-----
Axes           | 5 8 10 | 10.4
Fighting       | 5 6 |  6.1
Shields        | 5 |  5.7
Armour         | |  3.2

Action                   |  1- 3 |  4- 6 || total
-------------------------+-------+-------++-------
Melee: War axe           |    14 |    33 ||    47
       Unarmed           |     7 |       ||     7
Armor: Scale mail        |     5 |     7 ||    12
Dodge: Dodged            |    10 |     5 ||    15
Block: Shield            |     4 |    10 ||    14
